 Dungeon Crawl Stone Soup version 0.28-a0-932-g843f935a50 (webtiles) character file.

Game seed: 5618886441815345419

3 Htamos the Skirmisher (level 1, 0/19 HPs)
             Began as a Ghoul Monk on Nov 27, 2021.
             Slain by a goblin (3 damage)
             ... on level 1 of the Dungeon.
             The game lasted 00:00:26 (169 turns).

Htamos the Skirmisher (Ghoul Monk)                   Turns: 169, Time: 00:00:26

Health: 0/19       AC:  2    Str: 14    XL:     1   Next: 50%
Magic:  0/0        EV: 12    Int:  5    God:
Gold:   0          SH:  0    Dex: 11    Spells: 0/0 levels left

rFire   . . .      SeeInvis .   a - +0 hand axe
rCold   + . .      Faith    .   (no shield)
rNeg    + + +      Spirit   .   b - +0 robe
rPois   ∞          Reflect  .   (no helmet)
rElec   .          Harm     .   (no cloak)
rCorr   .          Rampage  .   (no gloves)
Will    .....                   (no boots)
Stlth   ++........              (no amulet)
HPRegen 0.00/turn               (no ring)
MPRegen 0.07/turn               (no ring)

@: inhibited regen
A: claws 1, cold resistance 1, negative energy resistance 3, inhibited
regeneration, torment resistance 2
a: no special abilities


You were on level 1 of the Dungeon.
You visited 1 branch of the dungeon, and saw 1 of its levels.

Inventory:

Hand Weapons
 a - a +0 hand axe (weapon)
Armour
 b - a +0 robe (worn)


   Skills:
 + Level 3.3 Fighting
 + Level 2.7 Axes
 + Level 2.7 Dodging
 + Level 2.3 Stealth


You couldn't memorise any spells.
You didn't know any spells.
Your spell library was empty.

Dungeon Overview and Level Annotations

Branches:
Dungeon (1/15)

Altars:


Innate Abilities, Weirdness & Mutations

You thrive by killing the living.
You are immune to poison.
You have sharp fingernails.
Your flesh is cold resistant. (rC+)
You are immune to negative energy. (rN+++)
You do not regenerate when monsters are visible.
You are immune to unholy pain and torment.


Message History

You hit the endoplasm but do no damage.
The endoplasm is almost dead.
The endoplasm freezes you.
You are frozen.
You resist.
You hit the endoplasm.
You kill the endoplasm!
No target in view!
Found a stone staircase leading down.
c - a scroll labelled RUEGUBB UQISODD You open the door.
Found a faded altar of an unknown god.
There is an open door here.
There is an open door here.
You stumble into a teleport trap!
You are suddenly yanked towards a nearby monster!
Your surroundings seem slightly different.
A goblin comes into view. It is wielding a +2 dagger of venom.
The goblin shouts!
You barely miss the goblin.
The goblin hits you with a +2 dagger of venom.
You hit the goblin but do no damage.
The goblin hits you with a +2 dagger of venom.
The goblin barely misses you.
You barely miss the goblin.
The goblin hits you with a +2 dagger of venom.
* * * LOW HITPOINT WARNING * * *
Sorry, you're not good enough to have a special ability.
Okay, then.
You aren't carrying any potions.
As you read the scroll labelled RUEGUBB UQISODD, it crumbles to dust.
It is a scroll of amnesia.
You feel forgetful for a moment.
The goblin hits you with a +2 dagger of venom.
* * * LOW HITPOINT WARNING * * *
You barely miss the goblin.
The goblin hits you with a +2 dagger of venom.
* * * LOW HITPOINT WARNING * * *
You barely miss the goblin.
The goblin hits you with a +2 dagger of venom.
You die...

P.PPP#........# #.#.
P.P.P#........# #.#.#
.P...#....##### #.#.#
##'###.##.# #.#.# #.##..##.#
#?#.#
##......#.#######.#.###########.
.####.#.#.........#.............
.# #.#.#.##...........#########
.# #.#.#.##....@g.....# .#
#...............?..#
.#######..##...........#
†............#########.#
..##...#..##.# #.#
..##...#..##.# #.#
..##...##>##.# #.#
..##...##.##.# ..##...##.##..


You could see a goblin.

Vanquished Creatures
  A bat (D:1)
  An endoplasm (D:1)
  A ball python (D:1)
3 creatures vanquished.

Notes
Turn   | Place    | Note
-------+----------+-------------------------------------------
     0 | D:1      | Htamos the Ghoul Monk began the quest for the Orb.
     0 | D:1      | Reached XP level 1. HP: 19/19 MP: 0/0
   128 | D:1      | Found a faded altar of an unknown god.
   169 | D:1      | Slain by a goblin

Illustrated notes

Levels and vault maps discovered:
D:1:      minmay_arrival_plants_in_alcoves, layout_basic,
          shapermc_ecumenical_altar_flowoftime

Action                   || total
-------------------------++-------
Melee: Hand axe          ||    15
  Use: Scroll            ||     1
Dodge: Dodged            ||    11

Table legend: (Time is in decaauts)
 A = Elapsed time spent in this place.
 B = Non-inter-level travel time spent in this place.
 C = Inter-level travel time spent in this place.
 D = Time resting spent in this place.
 E = Time spent auto-exploring this place.
 F = Levels seen in this place.
 G = Mean time per level.
                   A        B        C        D        E       F      G
               +--------+--------+--------+--------+--------+-----+--------+
         Total |    171 |    171 |      0 |      0 |    125 |   1 |  171.0 |
       Dungeon |    171 |    171 |      0 |      0 |    125 |   1 |  171.0 |
               +--------+--------+--------+--------+--------+-----+--------+

Top non-repeatable levels by time:
     D:1: 171 daAuts
